 Dungeon Crawl Stone Soup version 0.18.1-2-ga659475 (webtiles) character file.

1401 sugabear the Ducker (level 8, -2/42 HPs)
             Began as a Vine Stalker Gladiator on May 7, 2016.
             Was a Follower of Dithmenos.
             Slain by Pikel
             ... wielding a +2 whip of electrocution
              (15 damage)
             ... on level 6 of the Dungeon.
             The game lasted 00:09:28 (5239 turns).

sugabear the Ducker (Vine Stalker Gladiator)        Turns: 5239, Time: 00:09:28

Health: -2/42      AC: 12    Str: 19    XL:     8   Next: 69%
Magic:  0/9        EV: 14    Int:  8    God:    Dithmenos [*.....]
Gold:   328        SH:  0    Dex: 14    Spells: 0 memorised, 7 levels left

rFire  . . .     SeeInvis .     I - +4 dagger (freeze)
rCold  . . .     Gourm    .     i - +0 ring mail
rNeg   . . .     Faith    .     (no shield)
rPois  .         Spirit   +     c - +0 helmet
rElec  .         Dismiss  .     (no cloak)
rCorr  .         Reflect  .     (no gloves)
SustAt .         Harm     .     (no boots)
MR     +....                    o - amulet of rage
Stlth  ++........               J - +5 ring of protection
                                B - -2 ring of dexterity (curse)

@: wreathed by umbra, somewhat resistant to hostile enchantments, unstealthy
A: fangs 3, regeneration 2, magic shield, antimagic bite, no device heal 3, rot
immunity
a: Renounce Religion, Evoke Berserk Rage


You were on level 6 of the Dungeon.
You worshipped Dithmenos.
Dithmenos was aware of your devotion.
You were not hungry.

You visited 2 branches of the dungeon, and saw 7 of its levels.

You collected 328 gold pieces.

Inventory:

Hand Weapons
 a - a +0 flail
 e - a +1 dagger of electrocution
 I - a +4 dagger of freezing (weapon)
Missiles
 d - 5 throwing nets (quivered)
 h - 6 javelins
 s - 137 stones
Armour
 b - a +0 leather armour
 c - a +0 helmet (worn)
 i - a +0 ring mail (worn)
 K - the +3 buckler of Babufigo {+Fly rF- rN+ SInv}
   (You found it on level 5 of the Dungeon)

   It makes you vulnerable to fire.
   It protects you from negative energy.
   It lets you see invisible.
   It lets you fly.
Jewellery
 n - an uncursed ring of positive energy
 o - an amulet of rage (around neck)
 w - an uncursed ring of sustain attributes
 B - a cursed -2 ring of dexterity (left hand)
 E - an uncursed ring of resist corrosion
 J - a +5 ring of protection (right hand)
Wands
 C - a wand of polymorph (6/24)
 F - a wand of digging (4/24)
Scrolls
 l - a scroll of amnesia {unknown}
 m - 2 scrolls of identify
 q - a scroll of remove curse
 t - a scroll of enchant weapon
 x - 2 scrolls of magic mapping
 y - a scroll of blinking {unknown}
Potions
 j - a potion of invisibility {unknown}
 p - a potion of cancellation {unknown}
 r - a potion of flight {unknown}
 u - a potion of cure mutation {unknown}
 z - 2 potions of degeneration {unknown}
 A - a potion of lignification {unknown}
 D - 2 potions of haste {unknown}
 H - a potion of curing {unknown}
Comestibles
 f - 3 bread rations
 g - 4 meat rations
 k - a royal jelly
 v - a slice of pizza
 G - 3 fruits


   Skills:
 + Level 3.9 Fighting
 + Level 2.2 Short Blades
 + Level 3.1 Maces & Flails
 + Level 2.2 Throwing
 + Level 4.2 Armour
 + Level 6.0 Dodging
 * Level 2.6 Stealth
 + Level 0.1 Shields


You had 7 spell levels left.
You didn't know any spells.

Dungeon Overview and Level Annotations

Branches:
Dungeon (6/15)             Temple (1/1) D:4

Altars:
Ashenzari
Dithmenos
Elyvilon
Fedhas
Gozag
Kikubaaqudgha
Makhleb
Nemelex Xobeh
Pakellas
Qazlal
Ru
Sif Muna
Trog
Vehumet
Xom
Yredelemnul
Zin
The Shining One

Annotations:
D:6 Pikel


Innate Abilities, Weirdness & Mutations

You have razor-sharp teeth.
You heal very quickly.
When hurt, damage is shared between your health and your magic reserves.
Your bite disrupts and absorbs the magic of your enemies.
Potions and wands cannot restore your health.
You are immune to rotting.


Message History

You are electrocuted!
You closely miss Pikel. Your bite misses Pikel.
Pikel is heavily wounded.
The slave hits you but does no damage. The slave barely misses you.
Pikel hits you with a whip of electrocution.
You are electrocuted!
* * * LOW HITPOINT WARNING * * *
You hit Pikel. You freeze Pikel.
Pikel is severely wounded.
The slave hits you.
* * * LOW HITPOINT WARNING * * *
The slave barely misses you.
Unknown command.
The slave closely misses you. Pikel waves his whip at you.
There is an open door here.
You open the door. Pikel hits you but does no damage.
There is an open door here.
Pikel hits you but does no damage.
You are electrocuted!
You die...

.......#..# .......'..#
.......#..# .......#..#
#########..######
#..........##...#
#..........#....#####
######p##..'....##..#
#......p#.@#........+
#.......#K.#........#
#......pp..#....##..#
#.......#..#######..##
#.......#..##...##...#
#.......#..##......>.#
#.......#####........######
#.......# #.....†...#....#
######### ####'######....#


You could see Pikel and 2 slaves.

Vanquished Creatures
  Grinder (D:4)
  Sigmund (D:5)
  Duvessa (D:6)
  2 phantoms
  A centaur (D:5)
  A giant frog (D:6)
  A scorpion (D:4)
  Dowan (D:6)
  A howler monkey (D:4)
  A crimson imp (D:5)
  A hound (D:5)
  A jelly (D:4)
  2 orc wizards
  An iguana (D:4)
  3 worker ants
  A hound zombie (D:6)
  3 gnolls (D:3)
  8 adders
  2 adder skeletons (D:5)
  A worm (D:3)
  2 dart slugs
  6 giant geckos
  17 orcs
  2 ball pythons
  8 bats
  11 goblins
  8 hobgoblins
  10 jackals
  6 quokkas
  4 giant newts
  7 kobolds
  7 rats
122 creatures vanquished.

Notes
Turn   | Place    | Note
--------------------------------------------------------------
     0 | D:1      | sugabear the Vine Stalker Gladiator began the quest for the Orb.
     0 | D:1      | Reached XP level 1. HP: 11/11 MP: 2/2
   336 | D:1      | Reached XP level 2. HP: 14/15 MP: 3/3
  1137 | D:2      | Reached XP level 3. HP: 18/18 MP: 4/4
  1374 | D:2      | Reached skill level 3 in Dodging
  1794 | D:2      | Reached skill level 1 in Armour
  1794 | D:2      | Reached XP level 4. HP: 23/23 MP: 5/5
  2079 | D:3      | Reached XP level 5. HP: 22/26 MP: 6/6
  2391 | D:4      | Reached skill level 1 in Short Blades
  2391 | D:4      | Gained mutation: You heal very quickly. [Vine Stalker growth]
  2391 | D:4      | Reached XP level 6. HP: 22/30 MP: 7/7
  2401 | D:4      | Reached skill level 4 in Dodging
  2735 | D:4      | Found a staircase to the Ecumenical Temple.
  2865 | Temple   | Entered the Ecumenical Temple
  2872 | Temple   | Became a worshipper of Dithmenos the Shadowed
  3211 | D:5      | Entered Level 5 of the Dungeon
  3349 | D:5      | Reached skill level 1 in Stealth
  3355 | D:5      | Reached XP level 7. HP: 25/35 MP: 5/8
  3576 | D:5      | Noticed Sigmund
  3687 | D:5      | Noticed Grinder
  3850 | D:4      | Killed Grinder
  3850 | D:4      | Reached skill level 5 in Dodging
  3893 | D:5      | Killed Sigmund
  3893 | D:5      | Gained mutation: You have razor-sharp teeth. [Vine Stalker growth]
  3893 | D:5      | Reached XP level 8. HP: 40/40 MP: 9/9
  4345 | D:5      | Reached * piety under Dithmenos
  4722 | D:5      | Got a pitted buckler
  4728 | D:5      | Identified the +3 buckler of Babufigo {+Fly rF- rN+ SInv} (You found it on level 5 of the Dungeon)
  4962 | D:6      | Noticed Dowan
  5025 | D:6      | Killed Dowan
  5042 | D:6      | Noticed Duvessa
  5064 | D:6      | Killed Duvessa
  5064 | D:6      | Reached skill level 6 in Dodging
  5144 | D:5      | Found a deep blue altar of Sif Muna.
  5216 | D:6      | Noticed Pikel
  5239 | D:6      | Slain by Pikel

Skill      XL: |  1  2  3  4  5  6  7  8 |
---------------+-------------------------+-----
Throwing       | 2 |  2.2
Fighting       | 2 3 |  3.9
Maces & Flails | 3 |  3.1
Dodging        | 3 4 5 6 |  6.0
Armour         | 1 2 3 4 |  4.2
Short Blades   | 1 2 |  2.2
Stealth        | 1 2 |  2.6
Shields        | |  0.1

Action                   |  1- 3 |  4- 6 |  7- 9 || total
-------------------------+-------+-------+-------++-------
Melee: Flail             |    10 |       |       ||    10
       Dagger            |    81 |   163 |   151 ||   395
       Bite              |    24 |    48 |    57 ||   129
Throw: Throwing net      |       |     1 |     3 ||     4
Evoke: Wand              |       |       |     1 ||     1
  Use: Scroll            |       |     6 |     1 ||     7
 Stab: Held in net/web   |       |       |     1 ||     1
  Eat: Chunk             |     2 |     4 |     8 ||    14
Armor: Leather armour    |     5 |       |       ||     5
       Ring mail         |    25 |    78 |    54 ||   157
Dodge: Dodged            |    63 |   132 |   105 ||   300
Block: Buckler           |       |       |     2 ||     2
